 Dungeon Crawl Stone Soup version 0.29.1-15-g9cfb28693d (webtiles) character file.

Game seed: 1890956588723364702

142 Artool the Cudgeller (level 5, -5/41 HPs)
             Began as a Demonspawn Gladiator on Apr 5, 2023.
             Killed by nerve-wracking pain
             ... invoked by an orc priest
              (9 damage)
             ... on level 3 of the Dungeon.
             The game lasted 00:04:22 (2738 turns).

Artool the Cudgeller (Demonspawn Gladiator)         Turns: 2738, Time: 00:04:23

Health: -5/41      AC:  5    Str: 14    XL:     5   Next: 4%
Magic:  5/5        EV: 13    Int: 10    God:
Gold:   175        SH:  0    Dex: 16    Spells: 4/4 levels left

rFire   + + .      SeeInvis .   i - +0 whip
rCold   x . .      Faith    .   (no shield)
rNeg    . . .      Spirit   .   b - +0 leather armour
rPois   .          Reflect  .   c - +0 helmet
rElec   .          Harm     .   (no cloak)
rCorr   .          Rampage  .   j - +0 pair of gloves
Will    .....                   (no boots)
Stlth   +.........              (no amulet)
HPRegen 0.13/turn               t - ring of fire
MPRegen 0.09/turn               u - ring of protection from fire

@: no status effects
A: powered by pain 1, spiny 1, weakness stinger 1
a: no special abilities


You were on level 3 of the Dungeon.
You visited 1 branch of the dungeon, and saw 3 of its levels.

You collected 175 gold pieces.

Inventory:

Hand Weapons
 a - a +0 flail
 i - a +0 whip (weapon)
Missiles
 d - 3 throwing nets (quivered)
 e - a javelin
Armour
 b - a +0 leather armour (worn)
 c - a +0 helmet (worn)
 j - a +0 pair of gloves (worn)
Jewellery
 t - a ring of fire (left hand)
 u - a ring of protection from fire (right hand)
Wands
 w - a wand of charming (7)
Scrolls
 g - a scroll of noise {unknown}
 k - a scroll of acquirement {unknown}
 l - a scroll of torment {unknown}
 n - 2 scrolls of teleportation {unknown}
 o - a scroll of amnesia {unknown}
 r - a scroll of fog {unknown}
 s - 3 scrolls of identify {unknown}
 v - a scroll of immolation {unknown}
Potions
 f - a potion of mutation {unknown}
 h - a potion of lignification {unknown}
 m - a potion of heal wounds {unknown}
 p - a potion of haste {unknown}
 q - a potion of curing {unknown}


   Skills:
 + Level 3.1 Fighting
 + Level 3.5 Maces & Flails
 - Level 1.7 Throwing
 + Level 1.8 Armour
 + Level 3.4 Dodging


You had 4 spell levels left.
You didn't know any spells.
Your spell library contained the following spells:

 Spells                   Type           Power      Damage    Failure   Level
 Scorch                   Fire           0%         2d5       56%         2
 Frozen Ramparts          Ice            0%         1d1       80%         3
 Flame Wave               Conj/Fire      0%         2d4       99%         4
 Ice Form                 Ice/Tmut       0%         N/A       99%         4
 Summon Ice Beast         Ice/Summ       0%         N/A       99%         4
 Summon Cactus Giant      Summ           0%         N/A       100%        6


Dungeon Overview and Level Annotations

Branches:
Dungeon (3/15)

Altars:

Shops:
D:2 [


Innate Abilities, Weirdness & Mutations

You sometimes gain a little power by taking damage.
You are partially covered in sharp spines.
You have a small tail.


Message History

The orc wizard is heavily wounded.
An orc priest comes into view. It is wielding a +0 club.
You barely miss the orc wizard.
The orc priest shouts!
Your tail-slap misses the orc wizard.
Your punch misses the orc wizard.
The orc wizard is heavily wounded.
The orc wizard hits you but does no damage.
You are poisoned.
You hit the orc wizard. You tail-slap the orc wizard.
The orc wizard is almost dead.
You feel very sick. The orc wizard misses you.
You hit the orc wizard but do no damage.
You tail-slap the orc wizard.
You kill the orc wizard!
You feel sick.
Your Fighting skill increases to level 3!
You have reached level 5!
You hit the orc.
The orc is moderately wounded.
You feel sick. The orc is struck by your spines. The orc misses you.
You feel sick.
The orc priest calls down the wrath of Beogh upon you.
Beogh smites you!
You hit the orc.
You kill the orc!
You feel sick.
The orc priest invokes the aid of Beogh against you.
Beogh smites you!
* * * LOW HITPOINT WARNING * * *
You feel sick.
You barely miss the orc. You tail-slap the orc.
The orc is moderately wounded.
You feel sick. The orc is struck by your spines.
You kill the orc!
You feel sick.
You are no longer poisoned.
The orc priest invokes the aid of Beogh against you.
Pain shoots through your body!
You die...

#... .# #... .# #.!.#.#
.....# ..o.# ... #)#
######o##
#########...@)..#
#####.........###.(.##
...........#.........#
...####....#...#..#..#
...# #........#..#..#
...####....#...........
####.#.###.#.#.#.###.##.
# #.#.## #...#.### ## .
# ##.#.# #..##..


You could see an orc priest.

Vanquished Creatures
  An orc wizard (D:3)
  Robin (D:2)
  2 adders (D:2)
  A worm (D:2)
  3 dart slugs
  2 orcs (D:3)
  5 bats (D:1)
  3 endoplasms
  A giant cockroach (D:2)
  16 goblins
  8 hobgoblins
  6 quokkas
  7 ball pythons
  5 frilled lizards
  5 kobolds (D:1)
  9 rats
75 creatures vanquished.

Notes
Turn   | Place    | Note
-------+----------+-------------------------------------------
     0 | D:1      | Artool the Demonspawn Gladiator began the quest for the
                  | Orb.
     0 | D:1      | Reached XP level 1. HP: 16/16 MP: 1/1
   202 | D:1      | Gained mutation: You have a small tail. [demonic ancestry]
   202 | D:1      | Reached XP level 2. HP: 22/22 MP: 2/2
   799 | D:1      | Reached skill level 1 in Armour
   804 | D:1      | Gained mutation: You sometimes gain a little power by
                  | taking damage. [demonic ancestry]
   804 | D:1      | Reached XP level 3. HP: 25/28 MP: 3/3
  1281 | D:1      | Found a faded altar of an unknown god.
  1966 | D:2      | Noticed Robin
  1982 | D:2      | Gained mutation: You are partially covered in sharp spines.
                  | [demonic ancestry]
  1982 | D:2      | Reached XP level 4. HP: 25/34 MP: 4/4
  2003 | D:2      | Killed Robin
  2226 | D:2      | Found Wemuamei's Armour Shop.
  2516 | D:2      | Identified the +1 leather armour of Gerch {Str+2 SInv}
  2732 | D:3      | Reached XP level 5. HP: 30/41 MP: 5/5
  2738 | D:3      | Killed from afar by an orc priest

Illustrated notes

Levels and vault maps discovered:
D:1:      wheals_arrival_linesprint, layout_basic,
          chequers_ecumenical_altar_twisty, minmay_vboxes
D:2:      layout_loops_ring, serial_shops, shop, st_stairs_7, minmay_tromino_v7,
          uniq_robin
D:3:      layout_loops_cross, overflow_temple_1_default, serial_shops, shop,
          nicolae_shop_waterfront, nicolae_lakefront_shop, shop_fountains,
          chequers_garden, minivault_24, uniq_sigmund

Skill      XL: |  1  2  3  4 |
---------------+-------------+-----
Maces & Flails | 3 |  3.5
Dodging        | 3 |  3.4
Armour         | 1 |  1.8
Fighting       | 3 |  3.1
Throwing       | |  1.7

Action                   |  1- 3 |  4- 6 || total
-------------------------+-------+-------++-------
Melee: Flail             |   128 |       ||   128
       Tailslap          |    17 |    10 ||    27
       Whip              |    47 |    49 ||    96
       Punch             |     3 |       ||     3
 Stab: Sleeping          |     2 |       ||     2
Armor: Leather armour    |    71 |    10 ||    81
Dodge: Dodged            |   134 |    16 ||   150
